Map: Tropic Shores

Players

ljhlhlij - Winner!

  • Race: Terran Terran
  • Spawn Location: 6:00

KOTzilla - Winner!

  • Race: Protoss Protoss
  • Spawn Location: 6:00

Majestic - Winner!

  • Race: Zerg Zerg
  • Spawn Location: 5:00

Rektum - Winner!

  • Race: Protoss Protoss
  • League: Bronze
  • Spawn Location: 5:00

Dimon

  • Race: Terran Terran
  • League: Silver
  • Spawn Location: 12:00

ZURAF

  • Race: Protoss Protoss
  • League: Silver
  • Spawn Location: 11:00

EMIN

  • Race: Protoss Protoss
  • League: Silver
  • Spawn Location: 12:00

Ivan

  • Race: Terran Terran
  • Spawn Location: 0:00

VOD

Have the link to the VOD?

Description

Time

  • Played on: Jan. 28, 2018, 11:01 a.m.
  • Length: 19:38
Show
View Real Time Build Order
Export as new Build Order

ljhlhlij Terran - Winner!

Build Orders:  

Get SALT Encoding   

  12  0:01  SCV  
  13  0:13  SCV  
  14  0:20  Supply Depot  
  14  0:25  SCV  
  15  0:42  SCV  
  16  0:45  Barracks  
  16  0:54  SCV  
  17  1:00  Refinery  
  17  1:06  Refinery, SCV  
  18  1:18  SCV  
  19  1:30  SCV  
  20  1:42  Reaper  
  20  1:44  SCV  
  22  1:56  SCV  
  23  2:20  Factory  
  23  2:28  Factory  
  23  2:51  Barracks Reactor  
  23  3:11  Orbital Command  
  23  3:16  Supply Depot  
  23  3:17  Supply Depot x2  
  23  3:24  Factory Reactor  
  23  3:36  Barracks Reactor  
  23  4:23  Cyclone x3  
  23  4:24  Cyclone  
  35  4:32  Engineering Bay  
  35  4:47  Command Center  
  35  4:55  Cyclone  
  38  5:01  Hellion x3  
  44  5:22  Hellion  
  44  5:27  SCV  
  47  5:44  SCV, Supply Depot  
  47  5:59  Widow Mine, SCV, Hellion x3  
  54  6:20  Cyclone x2  
  54  6:21  Hellion x2  
  64  6:29  Factory  
  64  6:30  SCV  
  64  6:32  Orbital Command  
  65  6:42  Cyclone, SCV  
  69  7:13  Armory  
  69  7:17  Factory Tech Lab  
  69  7:23  Factory  
  69  7:32  Command Center  
  69  7:34  Supply Depot  
  69  7:36  Supply Depot  
  69  7:38  SCV  
  70  7:46  Refinery  
  70  7:56  SCV x2, Hellion x2  
  70  7:57  Supply Depot  
  76  8:08  SCV x2  
  78  8:20  SCV, Factory Tech Lab  
  78  8:22  Siege Tank  
  82  8:31  Starport  
  82  8:54  Siege Tank  
  85  9:12  SCV  
  85  9:13  SCV x2  
  88  9:18  Refinery  
  88  9:21  Siege Tank  
  88  9:23  Starport Reactor  
  88  9:24  SCV  
  92  9:25  SCV x2  
  92  9:26  Siege Tank  
  92  9:28  Hellion  
  92  9:29  Widow Mine  
  92  9:30  Cyclone  
  104  9:34  Terran Vehicle Weapons Level 1  
  104  9:36  SCV  
  104  9:37  SCV  
  106  9:43  Armory  
  106  9:48  SCV  
  106  9:49  SCV  
  108  10:00  SCV  
  109  10:24  Siege Tank  
  107  10:36  Siege Tank  
  69  11:36  Cyclone x2  
  69  11:37  Siege Tank x2  
  69  11:38  Hellion x2  
  74  11:56  Missile Turret  
  74  11:59  Hellion x2  
  78  12:01  SCV  
  78  12:02  SCV  
  81  12:08  Thor  
  81  12:09  Widow Mine, Siege Tank, Hellion  
  81  12:10  Refinery  
  81  12:11  Orbital Command  
  81  12:13  SCV  
  81  12:14  SCV  
  95  12:16  Liberator  
  95  12:17  Missile Turret  
  95  12:26  SCV  
  90  12:33  Viking  
  87  12:41  Siege Tank  
  90  12:46  Liberator  
  90  12:52  Siege Tank  
  96  13:09  Cyclone, Widow Mine  
  101  13:13  Siege Tank  
  101  13:16  Viking  
  106  13:46  Viking  
  108  13:53  Starport  
  108  13:54  SCV  
  108  13:55  Command Center  
  109  14:22  Supply Depot x2  
  109  14:25  Supply Depot  
  109  14:44  Widow Mine x2, SCV x3, Viking  
  109  14:45  Supply Depot  
  118  14:55  Terran Vehicle Weapons Level 2  
  118  14:56  Terran Vehicle And Ship Armor Level 1, SCV x2  
  120  15:08  SCV  
  121  15:20  SCV  
  121  15:29  Widow Mine  
  121  15:30  Widow Mine x4  
  121  15:31  Viking x2  
  121  15:33  Starport Reactor  
  128  15:44  Liberator  
  130  16:09  Siege Tank  
  130  16:10  Thor  
  130  16:11  Cyclone x2, Widow Mine  
  144  16:12  Widow Mine  
  144  16:16  SCV  
  144  16:17  SCV  
  151  16:32  Widow Mine  
  151  16:41  Liberator  
  151  16:50  Terran Ship Weapons Level 1  
  151  16:58  Viking  
  130  17:49  Cyclone, Widow Mine x2, Siege Tank  
  130  17:50  Viking, Hellion  
  139  18:21  Liberator  
  131  18:39  Viking  
  133  18:57  Widow Mine  
  133  18:58  Cyclone  
Show
View Real Time Build Order
Export as new Build Order

KOTzilla Protoss - Winner!

Build Orders:  

Get SALT Encoding   

  12  0:01  Probe  
  13  0:13  Probe  
  14  0:21  Pylon  
  14  0:25  Probe (Chrono Boost)  
  15  0:41  Probe (Chrono Boost)  
  16  0:46  Probe (Chrono Boost)  
  17  0:56  Probe  
  18  0:59  Gateway  
  18  1:03  Assimilator  
  18  1:07  Assimilator  
  18  1:08  Probe (Chrono Boost)  
  20  1:19  Probe (Chrono Boost)  
  20  1:24  Probe (Chrono Boost)  
  21  1:34  Probe  
  21  1:38  Pylon  
  22  1:50  Cybernetics Core  
  22  1:56  Zealot  
  22  1:59  Probe  
  25  2:11  Probe  
  26  2:21  Warp Gate (Chrono Boost)  
  26  2:24  Pylon  
  26  2:28  Probe  
  27  2:40  Probe  
  28  2:52  Probe, Gateway  
  29  3:01  Gateway  
  29  3:04  Probe  
  30  3:10  Pylon  
  30  3:12  Gateway  
  30  3:19  Pylon  
  30  3:32  Probe  
  31  3:44  Probe  
  32  4:10  Pylon  
  32  4:12  Stalker x4  
  40  4:29  Pylon, Forge  
  40  4:39  Stalker x3  
  40  4:44  Stalker  
  46  5:19  Stalker x4  
  54  5:51  Stalker  
  54  5:52  Stalker x3  
  62  5:58  Protoss Ground Weapons Level 1 (Chrono Boost)  
  62  6:07  Pylon  
  62  6:42  Twilight Council  
  62  6:48  Robotics Facility  
  62  6:55  Nexus  
  62  7:38  Protoss Ground Armor Level 1  
  62  8:04  Stalker x2  
  62  8:05  Stalker x2  
  70  8:12  Assimilator  
  70  8:17  Observer  
  70  8:18  Assimilator  
  70  8:19  Blink  
  71  8:26  Robotics Facility  
  71  8:56  Pylon  
  71  8:59  Stalker x3  
  71  9:00  Stalker  
  79  9:12  Probe (Chrono Boost)  
  80  9:23  Probe (Chrono Boost)  
  81  9:28  Probe (Chrono Boost)  
  82  9:32  Protoss Shields Level 1  
  82  9:38  Probe  
  83  10:02  Probe (Chrono Boost)  
  84  10:14  Probe (Chrono Boost)  
  85  10:19  Probe (Chrono Boost), Robotics Bay  
  85  10:21  Pylon  
  86  10:28  Probe  
  87  10:40  Probe  
  88  10:43  Stalker x3  
  94  10:52  Stalker  
  54  12:38  Stalker x3  
  54  12:39  Stalker  
  54  12:42  Protoss Ground Armor Level 2  
  62  12:52  Gateway x2  
  62  12:54  Gateway  
  62  12:59  Gateway  
  62  14:02  Stalker x5  
  70  14:05  Stalker x2  
  70  14:06  Stalker  
  78  14:26  Probe (Chrono Boost)  
  79  14:36  Probe (Chrono Boost)  
  80  14:40  Probe (Chrono Boost)  
  81  14:52  Probe  
  82  14:57  Nexus  
  82  15:04  Probe  
  82  15:09  Pylon  
  82  15:12  Pylon  
  81  15:16  Observer  
  81  15:19  Observer  
  82  15:27  Assimilator  
  82  15:31  Assimilator  
  71  16:07  Probe (Chrono Boost)  
  72  16:17  Probe (Chrono Boost)  
  73  16:22  Probe (Chrono Boost)  
  74  16:33  Probe  
  74  16:34  Probe  
  74  16:45  Probe  
  74  16:46  Probe, Pylon  
  76  16:57  Probe  
  76  16:58  Probe  
  78  17:09  Probe  
  78  17:10  Probe  
  69  18:31  Probe (Chrono Boost)  
  70  18:41  Probe (Chrono Boost)  
  71  18:45  Probe (Chrono Boost)  
  72  18:57  Probe  
Show
View Real Time Build Order
Export as new Build Order

Majestic Zerg - Winner!

Build Orders: Pool First, Swarm Host 

Get SALT Encoding   

  12  0:01  Drone  
  13  0:13  Overlord  
  13  0:23  Drone  
  14  0:32  Drone x2  
  16  0:46  Drone  
  17  0:50  Spawning Pool  
  16  0:59  Drone x2  
  18  1:08  Drone  
  19  1:15  Extractor  
  18  1:30  Hatchery  
  17  1:42  Zergling x6  
  20  1:47  Queen  
  22  1:55  Overlord  
  22  2:27  Metabolic Boost  
  22  2:29  Drone x3  
  25  2:51  Extractor  
  25  2:56  Drone  
  25  2:57  Drone x4  
  29  3:02  Drone x2  
  31  3:22  Lair  
  31  3:32  Zergling x10  
  36  3:34  Overlord  
  36  3:40  Overlord x3  
  36  4:12  Queen  
  36  4:13  Roach Warren, Drone x3  
  40  4:23  Zergling x10  
  45  4:27  Drone  
  43  5:22  Zergling x2  
  43  5:23  Zergling x6  
  43  5:26  Zergling x4  
  43  5:27  Zergling x2  
  49  5:50  Zergling x6  
  49  5:53  Drone  
  49  5:54  Drone  
  52  6:28  Drone x5  
  52  6:29  Drone  
  52  6:31  Extractor  
  52  6:32  Extractor  
  56  6:47  Infestation Pit  
  56  6:50  Burrow  
  55  7:00  Drone x5  
  55  7:01  Drone  
  61  7:27  Swarm Host  
  67  7:31  Overlord x4  
  67  7:32  Overlord x3  
  67  7:36  Overlord x5  
  67  7:56  Hatchery  
  66  8:05  Swarm Host x3  
  66  8:06  Swarm Host x2  
  66  8:09  Swarm Host x6  
  99  8:28  Hive  
  99  9:19  Swarm Host x2  
  99  9:20  Swarm Host x4  
  99  9:24  Swarm Host x5  
  120  9:28  Queen  
  137  10:53  Drone x2  
  137  10:54  Drone  
  99  13:25  Swarm Host x6  
  99  13:26  Swarm Host x2  
  123  13:45  Swarm Host x4  
  123  13:46  Swarm Host x4  
  147  13:52  Swarm Host x2  
  147  13:53  Swarm Host x3  
  153  14:46  Overseer x3  
  147  15:16  Drone x3  
  147  15:17  Drone x3  
  147  15:20  Extractor  
  147  15:21  Extractor  
  151  17:06  Swarm Host x4  
  151  17:07  Swarm Host  
Show
View Real Time Build Order
Export as new Build Order

Rektum Protoss - Winner!

Build Orders: Blink Stalkers 

Get SALT Encoding   

  12  0:12  Pylon  
  12  0:34  Gateway  
  12  0:36  Probe  
  13  0:44  Assimilator  
  13  0:48  Probe  
  14  0:52  Assimilator  
  14  1:21  Probe (Chrono Boost)  
  15  1:29  Cybernetics Core  
  15  1:30  Probe (Chrono Boost)  
  16  1:38  Probe (Chrono Boost)  
  17  1:45  Probe (Chrono Boost), Pylon  
  18  1:52  Probe  
  19  2:04  Probe  
  19  2:05  Stalker  
  22  2:10  Warp Gate  
  22  2:16  Probe  
  23  2:44  Twilight Council  
  23  2:47  Stalker  
  25  2:58  Gateway  
  25  3:07  Gateway  
  25  3:12  Pylon  
  25  3:23  Gateway  
  25  3:31  Blink  
  25  3:37  Probe (Chrono Boost)  
  26  3:43  Probe  
  27  4:30  Stalker x3  
  27  4:31  Stalker  
  35  4:44  Pylon  
  35  5:00  Stalker  
  35  5:01  Stalker  
  39  6:07  Stalker x2  
  39  6:08  Stalker x2  
  47  6:38  Pylon  
  47  7:49  Stalker x2  
  47  7:50  Stalker x2  
  55  8:26  Nexus, Pylon  
  55  8:30  Nexus  
  55  8:53  Stalker  
  55  8:54  Stalker  
  59  8:55  Stalker  
  59  8:56  Stalker  
  63  9:20  Assimilator  
  63  9:28  Assimilator  
  63  9:30  Assimilator  
  63  9:36  Assimilator  
  63  9:42  Probe  
  63  9:45  Probe  
  65  9:54  Probe  
  65  9:57  Probe  
  67  10:07  Probe  
  68  10:09  Probe  
  69  10:17  Stalker x2  
  69  10:18  Stalker x2  
  69  10:19  Probe  
  78  10:21  Probe  
  79  10:31  Probe  
  79  10:34  Probe  
  81  10:56  Probe  
  82  10:59  Probe  
  83  11:08  Probe, Pylon  
  84  11:11  Probe  
  84  11:14  Pylon  
  84  11:15  Stalker x2  
  84  11:16  Stalker x2  
  93  11:26  Probe x2  
  95  11:38  Probe x2  
  97  11:50  Probe x2  
  95  12:02  Probe  
  74  12:29  Pylon  
  74  12:31  Stalker  
  74  12:32  Stalker x2  
  74  12:33  Stalker  
  80  13:05  Stargate  
  80  13:08  Stargate  
  80  13:16  Stargate  
  80  13:20  Stargate  
  80  13:29  Stargate  
  80  13:33  Stalker x2  
  80  13:34  Stalker x2  
  78  13:53  Fleet Beacon  
  74  13:58  Stalker  
  74  13:59  Stalker x3  
  82  14:12  Probe (Chrono Boost)  
  83  14:22  Probe (Chrono Boost)  
  84  14:25  Stalker x2  
  84  14:26  Stalker  
  84  14:27  Stalker, Probe (Chrono Boost)  
  94  14:38  Probe  
  94  14:50  Probe  
  95  15:07  Carrier x3  
  113  15:36  Pylon  
  113  15:37  Pylon  
  113  15:39  Pylon  
  113  15:53  Carrier x2  
  125  16:32  Carrier  
  125  16:33  Carrier  
  125  16:39  Stalker x2  
  138  17:18  Carrier  
  140  17:24  Carrier  
  140  17:25  Carrier  
  102  17:45  Stalker  
  102  17:46  Stalker x3  
  85  18:20  Zealot x3  
  85  18:21  Zealot  
  77  18:46  Sentry  
  77  18:47  Sentry  
  77  18:48  Sentry x2  
Show
View Real Time Build Order
Export as new Build Order

Dimon Terran 

Build Orders:  

Get SALT Encoding   

  12  0:02  SCV  
  13  0:17  SCV  
  13  0:21  Supply Depot  
  14  0:29  Refinery  
  14  0:31  SCV  
  15  0:46  SCV  
  16  0:58  SCV  
  16  1:02  Barracks  
  17  1:10  SCV  
  18  1:19  Refinery  
  18  1:46  SCV  
  19  1:58  SCV  
  19  1:59  Barracks Reactor  
  20  2:05  Barracks  
  20  2:08  Barracks  
  20  2:38  Marine x2  
  22  2:56  Marine  
  22  2:57  Barracks Reactor  
  23  2:58  Barracks Reactor  
  23  3:03  Supply Depot  
  23  3:05  Supply Depot  
  23  3:07  Supply Depot  
  23  3:24  Marine x2  
  25  3:42  Marine x2  
  27  3:57  Command Center  
  27  4:00  Marine x2  
  29  4:11  Marine x2  
  31  4:17  Marine x2  
  32  4:28  Marine x2  
  34  4:35  Marine x2  
  36  4:53  Marine x2  
  38  5:11  Marine x2  
  39  6:04  Marine  
  39  6:05  Marine  
  41  6:14  Marine x2  
  43  6:22  Marine x2  
  45  6:32  Marine x2  
  47  6:33  SCV  
  48  6:40  Marine x2  
  48  6:45  SCV  
  48  6:46  Marine x2  
  53  6:49  Marine x2  
  55  6:57  SCV  
  55  6:58  Marine x2  
  58  7:03  Marine x2  
  58  7:07  Marine x2  
  62  7:40  Supply Depot  
  62  8:01  Marine x6  
  62  8:02  SCV, Supply Depot  
  69  8:06  Orbital Command  
  69  8:14  SCV  
  70  8:24  Marine x6  
  70  8:25  Supply Depot  
  70  8:26  SCV  
  77  8:28  Supply Depot  
  77  8:31  Supply Depot  
  77  8:41  Marine  
  77  8:46  Marine x5  
  83  8:51  Supply Depot  
  83  8:59  Marine  
  84  9:03  Supply Depot  
  84  9:04  Marine x5  
  89  9:25  Marine x2  
  89  9:28  Marine x2  
  93  9:31  Marine  
  94  9:43  Marine x2  
  96  9:46  Marine x2  
  98  10:01  Marine x2  
  98  10:04  Marine x2  
  102  10:18  Marine x2  
  104  10:21  Marine  
  104  10:22  Marine  
  104  10:23  Factory  
  106  11:43  Engineering Bay  
  79  12:31  Planetary Fortress  
  79  13:00  Barracks Tech Lab  
  79  13:05  Ghost Academy  
  79  13:48  Ghost  
  81  13:50  Nuke  
  81  15:06  Ghost  
  83  15:15  Ghost Academy  
  83  15:44  Nuke  
Show
View Real Time Build Order
Export as new Build Order

ZURAF Protoss 

Build Orders:  

Get SALT Encoding   

  12  0:02  Probe  
  13  0:19  Pylon  
  13  0:26  Pylon  
  13  0:31  Probe  
  14  0:44  Probe, Pylon  
  15  0:56  Probe  
  16  1:04  Forge  
  16  1:36  Nexus  
  16  1:38  Probe  
  17  1:54  Pylon  
  17  2:07  Nexus  
  17  2:16  Pylon  
  17  2:28  Photon Cannon  
  17  2:32  Pylon  
  17  2:44  Photon Cannon  
  17  2:50  Probe (Chrono Boost)  
  18  3:00  Probe (Chrono Boost)  
  19  3:10  Probe (Chrono Boost), Gateway  
  20  3:15  Probe (Chrono Boost)  
  21  3:22  Gateway  
  21  3:26  Probe, Assimilator  
  22  3:30  Assimilator  
  22  3:40  Probe  
  23  3:51  Photon Cannon  
  23  3:52  Probe  
  24  4:04  Probe  
  25  4:15  Cybernetics Core, Zealot x2  
  25  4:16  Probe  
  30  4:28  Photon Cannon, Probe  
  31  4:39  Pylon  
  31  4:40  Probe  
  31  4:42  Probe  
  33  4:53  Probe  
  33  4:54  Probe  
  35  5:05  Probe  
  35  5:06  Photon Cannon  
  36  5:08  Shield Battery  
  36  5:13  Photon Cannon  
  35  5:17  Pylon  
  36  5:27  Pylon  
  34  5:29  Pylon  
  31  5:45  Pylon  
  31  5:49  Pylon  
  31  5:52  Pylon  
  31  5:59  Zealot x2  
  35  6:16  Photon Cannon  
  35  6:26  Zealot x2  
  35  6:27  Photon Cannon  
  39  6:48  Photon Cannon  
  39  6:49  Photon Cannon  
  39  7:00  Photon Cannon  
  39  7:20  Probe  
  40  7:32  Probe  
  41  7:44  Probe  
  41  7:46  Photon Cannon  
  42  7:56  Probe  
  43  8:05  Robotics Facility  
  43  8:09  Probe  
  44  8:53  Immortal, Warp Gate (Chrono Boost)  
  48  9:05  Twilight Council  
  48  9:08  Pylon  
  48  9:19  Pylon  
  48  9:32  Observer  
  48  9:35  Photon Cannon  
  49  9:49  Dark Shrine  
  49  9:53  Warp Prism  
  49  10:29  Immortal  
  39  11:07  Dark Templar  
  39  11:08  Dark Templar  
  43  11:56  Dark Templar  
  43  11:57  Dark Templar  
  43  12:48  Dark Templar  
  43  12:49  Dark Templar  
  35  13:23  Dark Templar  
  35  13:24  Dark Templar  
  21  13:34  Photon Cannon x2  
  21  13:37  Photon Cannon  
  21  13:38  Photon Cannon  
  21  13:42  Protoss Ground Weapons Level 1  
  21  13:45  Shadow Stride  
  17  15:37  Protoss Ground Armor Level 1  
  13  16:16  Assimilator  
  12  16:19  Pylon  
  12  16:42  Dark Templar  
  14  16:50  Photon Cannon  
  14  16:52  Observer  
Show
View Real Time Build Order
Export as new Build Order

EMIN Protoss 

Build Orders:  

Get SALT Encoding   

  12  0:07  Probe (Chrono Boost)  
  13  0:30  Probe  
  13  0:31  Pylon  
  14  0:42  Probe  
  15  0:51  Forge  
  15  0:54  Probe  
  16  1:06  Probe  
  17  1:35  Pylon  
  16  2:01  Pylon  
  16  2:05  Pylon  
  15  2:19  Assimilator  
  15  2:26  Assimilator  
  15  2:42  Probe (Chrono Boost)  
  16  2:48  Nexus  
  17  2:52  Probe (Chrono Boost)  
  17  3:00  Probe (Chrono Boost)  
  17  3:01  Assimilator  
  18  3:06  Assimilator  
  18  3:23  Probe (Chrono Boost)  
  19  3:33  Probe (Chrono Boost)  
  20  3:36  Gateway  
  20  3:38  Probe (Chrono Boost)  
  21  4:08  Probe (Chrono Boost)  
  22  4:19  Probe (Chrono Boost)  
  22  4:23  Probe (Chrono Boost)  
  23  4:28  Cybernetics Core  
  24  4:34  Pylon  
  24  4:35  Probe  
  25  4:47  Probe  
  25  5:27  Stargate  
  25  5:29  Stargate  
  25  5:33  Stargate  
  25  5:35  Stargate  
  20  6:34  Probe (Chrono Boost), Fleet Beacon  
  21  7:13  Pylon  
  21  7:21  Nexus  
  21  7:25  Assimilator  
  21  7:30  Assimilator  
  21  7:31  Carrier  
  21  7:36  Carrier  
  33  7:40  Probe (Chrono Boost)  
  35  7:52  Probe (Chrono Boost)  
  35  7:57  Probe (Chrono Boost)  
  36  8:32  Carrier  
  42  8:37  Pylon  
  42  8:46  Probe (Chrono Boost)  
  44  8:56  Probe (Chrono Boost)  
  44  9:01  Probe (Chrono Boost)  
  45  9:12  Probe  
  42  9:27  Nexus  
  42  9:33  Assimilator  
  42  9:37  Assimilator  
  41  9:38  Carrier  
  47  10:02  Pylon  
  47  10:05  Pylon  
  47  10:07  Pylon  
  47  10:20  Probe  
  48  10:32  Probe  
  49  10:41  Carrier  
  55  10:44  Probe  
  56  10:53  Pylon  
  56  10:58  Probe (Chrono Boost)  
  57  11:08  Probe (Chrono Boost)  
  58  11:13  Probe (Chrono Boost)  
  54  11:22  Carrier  
  54  11:25  Carrier  
  61  12:43  Carrier  
  67  12:47  Carrier  
  73  14:04  Carrier  
  79  15:00  Protoss Air Armor Level 1  
  79  15:53  Nexus  
  79  16:11  Assimilator  
  79  16:54  Protoss Air Weapons Level 1  
  18  17:50  Adept  
  16  18:17  Adept  
Show
View Real Time Build Order
Export as new Build Order

Ivan Terran 

Build Orders: Mech 

Get SALT Encoding   

  12  0:22  Supply Depot  
  12  0:35  Engineering Bay  
  12  0:48  Barracks  
  12  0:52  SCV  
  13  1:02  Refinery  
  13  1:05  SCV  
  13  1:06  Refinery  
  14  1:17  SCV  
  15  1:22  Supply Depot  
  15  1:34  SCV  
  16  1:42  Marine  
  17  2:00  Orbital Command  
  17  2:11  Barracks Reactor  
  17  2:12  Terran Infantry Weapons Level 1  
  17  2:32  Factory  
  17  2:33  SCV  
  18  2:45  SCV  
  18  2:50  Supply Depot  
  19  3:00  Marine  
  19  3:04  Barracks, Marine  
  21  3:13  SCV  
  21  3:18  Marine  
  23  3:20  Factory Tech Lab  
  23  3:30  Supply Depot  
  23  3:50  Marine x2  
  25  3:56  Factory  
  25  4:18  Barracks Reactor  
  25  4:27  Armory  
  25  4:32  Siege Tank  
  28  4:41  Factory Tech Lab  
  28  4:46  Factory  
  28  4:57  Marine x4  
  32  5:14  Marine  
  32  5:15  Marine  
  34  5:32  Factory Tech Lab  
  34  5:33  Thor  
  40  5:35  Siege Tank  
  40  5:40  Marine  
  44  6:32  Terran Vehicle Weapons Level 1, Supply Depot  
  44  6:37  Siege Tank  
  47  6:53  Thor  
  53  7:51  Supply Depot  
  53  8:07  SCV  
  54  8:12  Thor  
  54  8:13  Supply Depot  
  61  8:20  SCV  
  61  8:26  Terran Vehicle And Ship Armor Level 1  
  61  8:32  SCV  
  62  8:35  Thor  
  68  8:45  Command Center  
  68  8:53  Supply Depot  
  68  9:14  Thor  
  74  9:25  Supply Depot  
  74  9:34  Thor  
  79  9:56  Supply Depot  
  79  10:06  Smart Servos  
  60  10:20  Terran Vehicle Weapons Level 2  
  7  14:18  Siege Tank  
  7  14:19  Siege Tank  
  13  15:17  Engineering Bay  
Tags
 
Add a new tag
Caveats
  • Supply blocks, unpowered buildings, or Contaminate may cause inaccurate times.
  • Supply counts are checked every 10 seconds.